AoeStats
← chemeball

MegaRandom

507874499Analyzed
4v4 RM · 13d ago on Sep 20, 2026· 23m 36s· 8 players
Game mode
Random Map
Map size
Large (8 player)
Population
200
Speed
Normal
Resources
Standard
Victory
Conquest
Starting age
Dark Age
Ending age
Imperial Age
RankedLock teamsTeams togetherTeam positionsShared explorationLock speedFull tech treeHidden civsTurbo modeCheats
Victory
Defeat
🇦🇷 Persians · Argentina
1358
+15
🇺🇸 Mongols · United States
1302
+17
🇺🇸 Britons · United States
1276
+18
🇺🇸 Italians · United States
1261
+20
🇦🇷 Ethiopians · Argentina
1342
-18
🇲🇽 Franks · Mexico
1340
-18
🇦🇺 Khitans · Australia
1323
-17
🇪🇸 Huns · Spain
1315
-17
Damir
11:34 Feudal Age
16:05 Loom
16:15 Double-Bit Axe
18:51 Castle Age
17:49 Fletching
18:00 Padded Archer Armor
18:17 Gold Mining
19:38 Bodkin Arrow
BocaJuniorsElMasGrande
4:07 Loom
8:50 Loom
10:56 Feudal Age
14:03 Wheelbarrow
14:52 Town Watch
16:19 Fishing Lines
[LMB] Vortex
8:02 Loom
10:33 Feudal Age
18:13 Castle Age
16:41 Double-Bit Axe
17:49 Scale Barding Armor
_Suko_
5:52 Loom
9:28 Feudal Age
14:03 Fletching
17:16 Padded Archer Armor
23:46 Horse Collar
Howie
3:32 Loom
11:53 Feudal Age
18:15 Castle Age
16:47 Double-Bit Axe
18:16 Fletching
18:28 Padded Archer Armor
20:00 Wheelbarrow
22:50 Bodkin Arrow
chemeball
8:01 Loom
11:04 Feudal Age
11:57 Double-Bit Axe
13:01 Fletching
14:22 Padded Archer Armor
Alfalfa
7:53 Loom
9:58 Feudal Age
10:39 Double-Bit Axe
11:40 Horse Collar
18:31 Wheelbarrow
22:16 Castle Age
21:28 Bloodlines
21:25 Scale Barding Armor
22:54 Gold Mining
bkg45
9:29 Loom
11:37 Feudal Age
12:58 Town Watch
13:27 Double-Bit Axe
16:01 Castle Age
14:39 Fishing Lines
14:42 Horse Collar
16:41 Fletching
17:03 Bow Saw
18:16 Bodkin Arrow
20:16 Padded Archer Armor
Connection lost

Rejoining the realm…

Still unreachable

The connection could not be restored.

Session expired

The server has moved on; the page needs a fresh start.